Map: Prion Terraces

Players

RadekDaNa

  • Race: Zerg Zerg
  • League: Grandmaster

Miszu - Winner!

  • Race: Terran Terran
  • League: Master

VOD

Have the link to the VOD?

Description

Time

  • Played on: March 13, 2016, 1:07 p.m.
  • Length: 2:58
Show
View Real Time Build Order
Export as new Build Order

RadekDaNa Zerg 

Build Orders: Hatch First 

Get SALT Encoding   

  12  0:00  Drone  
  13  0:12  Overlord  
  13  0:17  Drone  
  14  0:30  Drone x2  
  14  0:34  Drone  
  17  0:53  Hatchery  
  17  0:55  Drone  
  17  0:57  Drone  
  17  1:02  Extractor  
  17  1:13  Spawning Pool  
  17  1:15  Drone  
  17  1:19  Drone  
  18  1:28  Drone  
  19  1:40  Overlord  
  19  1:49  Drone  
  20  2:00  Zergling x2, Queen  
  23  2:04  Queen  
  23  2:05  Zergling x2  
  26  2:17  Zergling x2  
  26  2:20  Zergling x2  
  26  2:22  Zergling x2  
  26  2:27  Zergling x2  
Show
View Real Time Build Order
Export as new Build Order

Miszu Terran - Winner!

Build Orders:  

Get SALT Encoding   

  12  0:00  SCV  
  13  0:12  SCV  
  14  0:17  Supply Depot  
  14  0:24  SCV  
  15  0:40  Barracks  
  15  0:52  Barracks  
  15  1:04  Barracks  
  15  1:27  Marine  
  15  1:28  Barracks  
  16  1:39  Marine  
  17  1:40  Supply Depot  
  17  1:44  Marine  
  18  1:55  Marine  
  18  1:56  Marine  
  20  2:02  Marine  
  21  2:13  Marine  
  21  2:14  Marine  
  23  2:20  Marine x2  
  25  2:31  Marine  
  25  2:32  Marine  
  27  2:37  Marine  
  27  2:38  Marine  
Tags
 
Add a new tag
Caveats
  • Supply blocks, unpowered buildings, or Contaminate may cause inaccurate times.
  • Supply counts are checked every 10 seconds.